[ AOE2 MATCH · #474494367 ]
Team RMShu vs Franks
[ REPLAY ANALYSIS · EXTRACTED FROM THE RECORDED GAME ]
Feudal
10:46
Castle
15:40
Imperial
48:09
| APM avg | 37.1 |
| APM peak | 89 |
| eAPM avg | 15.5 |
| Villagers / military | 67 / 5 |
Focus
⚔️ 34.1% · 🌾 65.9%
Unknown (1962) ×79 · Battering Ram ×5
Feudal
11:04
Castle
22:18
Imperial
—
| APM avg | 24.4 |
| APM peak | 46 |
| eAPM avg | 11.9 |
| Villagers / military | 116 / 31 |
Focus
⚔️ 17.9% · 🌾 82.1%
Janissary ×10 · Camel Scout ×9 · Archer ×5 · Mangonel ×2 · Scout Cavalry ×2 · Cavalry Archer ×2
Feudal
12:04
Castle
17:19
Imperial
—
| APM avg | 33.4 |
| APM peak | 67 |
| eAPM avg | 17.8 |
| Villagers / military | 94 / 103 |
Focus
⚔️ 35.8% · 🌾 64.2%
Karambit Warrior ×100 · Battering Ram ×3
Feudal
11:40
Castle
17:24
Imperial
—
| APM avg | 28.6 |
| APM peak | 79 |
| eAPM avg | 13.3 |
| Villagers / military | 82 / 77 |
Focus
⚔️ 29.2% · 🌾 70.8%
Knight ×66 · Mangonel ×5 · Scorpion ×3 · Battering Ram ×2 · Scout Cavalry ×1
Match map
Initial resources + every placement click. Lines = walls · curves = elevation contours. ◆ gold · ⬟ stone · ● berries · ✦ relic · ◌ wall gap
Your base· Open — 4t gap
vincent194's base· Open — 4t gap
tougle's base· Open — 10t gap
大哈巴犬's base· ✓ Closed at 17:24 · 52t walls · 1 gate(s)
Smoothed initial terrain · ◌ = detected wall gap · hover for details
Inputs per minute
— 123 - - vincent194
Build order — 123
First 150 of 246 actions detected
| 0:01 | Create | Villager (Male) |
| 0:01 | Create | Villager (Male) |
| 0:02 | Create | Villager (Male) |
| 0:02 | Create | Villager (Male) |
| 0:03 | Build | House |
| 0:04 | Build | House |
| 1:52 | Create | Villager (Male) |
| 1:52 | Create | Villager (Male) |
| 2:16 | Create | Villager (Male) |
| 2:16 | Create | Villager (Male) |
| 2:43 | Build | Lumber Camp |
| 3:13 | Create | Villager (Male) |
| 3:13 | Create | Villager (Male) |
| 3:23 | Build | House |
| 3:33 | Build | House |
| 3:38 | Build | Palisade Wall |
| 3:42 | Create | Villager (Male) |
| 3:42 | Create | Villager (Male) |
| 4:05 | Create | Villager (Male) |
| 4:52 | Create | Villager (Male) |
| 5:18 | Create | Villager (Male) |
| 5:23 | Build | Mill |
| 5:27 | Create | Villager (Male) |
| 5:34 | Build | House |
| 6:03 | Create | Villager (Male) |
| 6:37 | Create | Villager (Male) |
| 6:37 | Create | Villager (Male) |
| 7:11 | Build | Mining Camp |
| 7:19 | Create | Villager (Male) |
| 7:56 | Research | Loom |
| 8:23 | Build | House |
| 8:27 | Build | Palisade Wall |
| 8:28 | Build | Palisade Wall |
| 8:29 | Build | Palisade Wall |
| 8:32 | Build | Palisade Wall |
| 8:33 | Build | Palisade Wall |
| 8:36 | Research | Feudal Age |
| 8:38 | Create | Villager (Male) |
| 8:38 | Create | Villager (Male) |
| 8:58 | Build | Palisade Wall |
| 10:46 | Age | Feudal Age |
| 10:50 | Build | Market |
| 10:54 | Build | Blacksmith |
| 11:32 | Create | Villager (Male) |
| 13:00 | Research | Castle Age |
| 13:09 | Build | Watch Tower |
| 13:30 | Create | Villager (Male) |
| 14:02 | Research | Double-Bit Axe |
| 14:21 | Build | Farm |
| 14:21 | Build | Farm |
| 14:26 | Build | Farm |
| 14:27 | Build | Farm |
| 14:28 | Build | Farm |
| 14:58 | Build | House |
| 15:40 | Age | Castle Age |
| 15:44 | Build | Siege Workshop |
| 15:50 | Build | Siege Workshop |
| 16:10 | Build | Lumber Camp |
| 16:18 | Create | Unit 1962 |
| 16:31 | Create | Unit 1962 |
| 17:31 | Create | Unit 1962 |
| 17:31 | Create | Unit 1962 |
| 17:31 | Create | Unit 1962 |
| 17:53 | Create | Unit 1962 |
| 18:15 | Create | Unit 1962 |
| 18:58 | Create | Battering Ram |
| 19:17 | Create | Villager (Male) |
| 19:17 | Create | Villager (Male) |
| 19:21 | Create | Unit 1962 |
| 19:21 | Create | Unit 1962 |
| 19:51 | Build | Farm |
| 20:26 | Create | Villager (Male) |
| 20:26 | Create | Villager (Male) |
| 20:47 | Build | Farm |
| 20:47 | Build | Farm |
| 21:00 | Build | House |
| 21:02 | Build | House |
| 21:05 | Build | Farm |
| 21:07 | Create | Unit 1962 |
| 21:07 | Create | Unit 1962 |
| 21:55 | Create | Unit 1962 |
| 21:55 | Create | Unit 1962 |
| 21:55 | Create | Unit 1962 |
| 22:21 | Build | Siege Workshop |
| 23:51 | Build | Siege Workshop |
| 23:52 | Create | Villager (Male) |
| 23:52 | Create | Villager (Male) |
| 23:55 | Create | Unit 1962 |
| 23:56 | Create | Unit 1962 |
| 23:56 | Create | Unit 1962 |
| 23:56 | Create | Unit 1962 |
| 24:40 | Create | Unit 1962 |
| 24:40 | Create | Unit 1962 |
| 25:02 | Build | House |
| 25:03 | Build | House |
| 25:03 | Build | House |
| 25:03 | Build | House |
| 25:17 | Build | Town Center |
| 25:27 | Research | Bow Saw |
| 25:29 | Create | Villager (Male) |
| 25:29 | Create | Villager (Male) |
| 25:43 | Build | Farm |
| 25:43 | Build | Farm |
| 25:44 | Build | Farm |
| 25:56 | Research | Fletching |
| 26:42 | Create | Unit 1962 |
| 26:43 | Create | Unit 1962 |
| 26:43 | Create | Unit 1962 |
| 26:55 | Build | House |
| 27:12 | Build | Farm |
| 27:18 | Build | Farm |
| 27:52 | Create | Unit 1962 |
| 27:52 | Create | Unit 1962 |
| 28:00 | Create | Villager (Male) |
| 28:00 | Create | Villager (Male) |
| 28:00 | Create | Villager (Male) |
| 28:04 | Create | Unit 1962 |
| 28:11 | Build | Farm |
| 28:37 | Build | Farm |
| 28:37 | Build | Farm |
| 29:29 | Create | Unit 1962 |
| 29:30 | Create | Unit 1962 |
| 29:30 | Create | Unit 1962 |
| 29:30 | Create | Unit 1962 |
| 30:13 | Build | Town Center |
| 30:18 | Create | Villager (Male) |
| 30:18 | Create | Villager (Male) |
| 30:18 | Create | Villager (Male) |
| 30:20 | Create | Villager (Male) |
| 30:20 | Create | Villager (Male) |
| 31:07 | Build | Farm |
| 31:08 | Create | Villager (Male) |
| 31:08 | Create | Villager (Male) |
| 31:15 | Create | Villager (Male) |
| 31:28 | Research | Bodkin Arrow |
| 31:29 | Research | Padded Archer Armor |
| 31:41 | Create | Unit 1962 |
| 31:41 | Create | Unit 1962 |
| 31:52 | Create | Villager (Male) |
| 31:52 | Create | Villager (Male) |
| 32:59 | Create | Unit 1962 |
| 33:00 | Create | Unit 1962 |
| 33:00 | Create | Unit 1962 |
| 33:00 | Create | Unit 1962 |
| 33:03 | Create | Villager (Male) |
| 33:04 | Create | Villager (Male) |
| 33:06 | Create | Villager (Male) |
| 33:06 | Create | Villager (Male) |
| 33:12 | Create | Villager (Male) |
| 33:12 | Create | Villager (Male) |
Build order — vincent194
First 150 of 269 actions detected
| 0:00 | Create | Villager (Male) |
| 0:01 | Create | Villager (Male) |
| 0:01 | Create | Villager (Male) |
| 0:02 | Build | House |
| 0:10 | Build | House |
| 0:52 | Create | Villager (Male) |
| 0:52 | Create | Villager (Male) |
| 1:40 | Create | Villager (Male) |
| 1:48 | Build | Mill |
| 1:55 | Create | Villager (Male) |
| 1:55 | Create | Villager (Male) |
| 2:27 | Create | Villager (Male) |
| 2:57 | Create | Villager (Male) |
| 2:57 | Create | Villager (Male) |
| 3:04 | Create | Villager (Male) |
| 3:05 | Research | Loom |
| 3:29 | Create | Villager (Male) |
| 3:56 | Build | House |
| 4:12 | Create | Villager (Male) |
| 4:12 | Create | Villager (Male) |
| 4:12 | Create | Villager (Male) |
| 4:35 | Create | Villager (Male) |
| 4:36 | Create | Villager (Male) |
| 4:56 | Create | Villager (Male) |
| 4:56 | Create | Villager (Male) |
| 5:29 | Create | Villager (Male) |
| 5:29 | Create | Villager (Male) |
| 5:41 | Build | House |
| 5:52 | Create | Villager (Male) |
| 6:15 | Create | Villager (Male) |
| 6:58 | Create | Villager (Male) |
| 7:28 | Create | Villager (Male) |
| 7:29 | Create | Villager (Male) |
| 8:20 | Build | Lumber Camp |
| 8:54 | Research | Feudal Age |
| 9:41 | Build | Mining Camp |
| 10:09 | Build | House |
| 10:13 | Build | Barracks |
| 11:04 | Age | Feudal Age |
| 11:06 | Create | Villager (Male) |
| 11:07 | Create | Villager (Male) |
| 11:21 | Build | Mining Camp |
| 12:06 | Create | Villager (Male) |
| 12:06 | Create | Villager (Male) |
| 12:16 | Build | House |
| 12:17 | Build | House |
| 12:18 | Build | House |
| 12:43 | Create | Villager (Male) |
| 13:21 | Build | Archery Range |
| 13:36 | Create | Spearman |
| 13:49 | Create | Villager (Male) |
| 13:49 | Create | Villager (Male) |
| 14:04 | Build | Palisade Gate |
| 14:07 | Build | House |
| 14:17 | Build | Watch Tower |
| 14:20 | Create | Archer |
| 14:21 | Create | Archer |
| 14:21 | Create | Archer |
| 14:22 | Create | Archer |
| 14:31 | Create | Villager (Male) |
| 14:43 | Build | Farm |
| 14:44 | Build | Farm |
| 14:55 | Build | Market |
| 15:13 | Create | Archer |
| 15:24 | Build | House |
| 15:33 | Build | Palisade Wall |
| 15:36 | Build | Palisade Gate |
| 15:54 | Build | Watch Tower |
| 16:19 | Create | Villager (Male) |
| 16:25 | Build | Farm |
| 16:25 | Build | Farm |
| 16:25 | Build | Farm |
| 16:25 | Build | Farm |
| 16:26 | Build | Farm |
| 16:26 | Build | Farm |
| 16:30 | Create | Villager (Male) |
| 16:31 | Create | Villager (Male) |
| 16:31 | Create | Villager (Male) |
| 16:39 | Build | House |
| 16:41 | Build | House |
| 16:42 | Build | House |
| 16:47 | Build | Palisade Wall |
| 17:48 | Create | Villager (Male) |
| 17:48 | Create | Villager (Male) |
| 18:32 | Build | Stable |
| 18:45 | Build | Outpost |
| 19:38 | Research | Castle Age |
| 20:26 | Build | Stone Wall |
| 20:32 | Build | Stone Wall |
| 20:49 | Build | Stable |
| 20:53 | Create | Villager (Male) |
| 20:53 | Create | Villager (Male) |
| 22:18 | Age | Castle Age |
| 22:21 | Create | Camel Scout |
| 22:23 | Create | Camel Scout |
| 22:37 | Build | Gate |
| 23:04 | Build | Town Center |
| 23:07 | Create | Camel Scout |
| 23:10 | Create | Camel Scout |
| 23:45 | Create | Camel Scout |
| 23:45 | Create | Camel Scout |
| 24:46 | Build | Town Center |
| 24:49 | Create | Villager (Male) |
| 24:49 | Create | Villager (Male) |
| 25:16 | Build | Stone Wall |
| 25:22 | Build | House |
| 25:26 | Create | Villager (Male) |
| 25:37 | Build | Town Center |
| 26:27 | Create | Villager (Male) |
| 26:46 | Build | Farm |
| 26:46 | Build | Farm |
| 26:46 | Build | Farm |
| 26:48 | Build | Farm |
| 26:48 | Build | Farm |
| 26:48 | Build | Farm |
| 26:49 | Build | Farm |
| 26:49 | Build | Farm |
| 27:14 | Create | Villager (Male) |
| 27:18 | Build | Farm |
| 27:45 | Create | Villager (Male) |
| 28:00 | Create | Villager (Male) |
| 28:17 | Create | Villager (Male) |
| 28:27 | Build | Farm |
| 28:28 | Build | Farm |
| 28:40 | Create | Villager (Male) |
| 28:59 | Create | Villager (Male) |
| 29:02 | Build | Farm |
| 29:08 | Create | Villager (Male) |
| 29:26 | Create | Cavalry Archer |
| 29:26 | Create | Cavalry Archer |
| 29:32 | Create | Villager (Male) |
| 29:48 | Build | Farm |
| 29:52 | Create | Villager (Male) |
| 30:02 | Build | Watch Tower |
| 30:12 | Create | Villager (Male) |
| 30:25 | Build | Farm |
| 30:28 | Create | Villager (Male) |
| 30:39 | Create | Villager (Male) |
| 30:45 | Create | Villager (Male) |
| 30:58 | Create | Villager (Male) |
| 31:07 | Build | Farm |
| 31:29 | Create | Villager (Male) |
| 31:30 | Create | Villager (Male) |
| 31:46 | Create | Villager (Male) |
| 31:59 | Create | Villager (Male) |
| 32:00 | Create | Villager (Male) |
| 32:00 | Create | Villager (Male) |
| 32:00 | Create | Villager (Male) |
| 32:01 | Create | Villager (Male) |
| 32:01 | Create | Villager (Male) |
Build order — tougle
First 150 of 326 actions detected
| 0:02 | Build | House |
| 0:04 | Build | House |
| 0:05 | Create | Villager (Male) |
| 0:05 | Create | Villager (Male) |
| 0:05 | Create | Villager (Male) |
| 0:05 | Create | Villager (Male) |
| 0:06 | Create | Villager (Male) |
| 1:41 | Create | Villager (Male) |
| 2:33 | Create | Villager (Male) |
| 3:41 | Create | Villager (Male) |
| 3:41 | Create | Villager (Male) |
| 3:41 | Create | Villager (Male) |
| 3:59 | Build | Lumber Camp |
| 4:14 | Build | Mill |
| 4:44 | Create | Villager (Male) |
| 4:44 | Create | Villager (Male) |
| 4:44 | Create | Villager (Male) |
| 4:45 | Create | Villager (Male) |
| 5:43 | Create | Villager (Male) |
| 5:43 | Create | Villager (Male) |
| 5:50 | Build | House |
| 6:35 | Create | Villager (Male) |
| 6:58 | Build | Mining Camp |
| 7:16 | Create | Villager (Male) |
| 7:26 | Create | Villager (Male) |
| 7:26 | Create | Villager (Male) |
| 8:02 | Build | House |
| 8:39 | Create | Villager (Male) |
| 9:22 | Create | Villager (Male) |
| 9:29 | Build | Mining Camp |
| 9:42 | Build | Palisade Wall |
| 10:27 | Build | House |
| 10:46 | Research | Feudal Age |
| 11:20 | Build | House |
| 11:29 | Build | Palisade Wall |
| 12:04 | Age | Feudal Age |
| 12:09 | Build | Mill |
| 12:32 | Research | Horse Collar |
| 12:54 | Build | Palisade Wall |
| 13:45 | Build | Market |
| 14:01 | Build | Blacksmith |
| 14:48 | Research | Loom |
| 15:43 | Research | Castle Age |
| 16:48 | Build | House |
| 16:49 | Build | House |
| 17:19 | Age | Castle Age |
| 17:29 | Build | Castle |
| 17:41 | Build | Palisade Wall |
| 17:49 | Build | Palisade Wall |
| 17:52 | Create | Villager (Male) |
| 17:52 | Create | Villager (Male) |
| 17:52 | Create | Villager (Male) |
| 17:52 | Create | Villager (Male) |
| 17:52 | Create | Villager (Male) |
| 17:53 | Create | Villager (Male) |
| 18:49 | Build | Farm |
| 18:49 | Build | Farm |
| 18:49 | Build | Farm |
| 18:50 | Build | Farm |
| 18:50 | Build | Farm |
| 18:50 | Build | Farm |
| 18:51 | Build | Farm |
| 18:51 | Build | Farm |
| 18:51 | Build | Farm |
| 18:51 | Build | Farm |
| 18:52 | Build | Farm |
| 18:52 | Build | Farm |
| 19:56 | Build | Farm |
| 20:01 | Create | Karambit Warrior |
| 20:01 | Create | Karambit Warrior |
| 20:02 | Create | Karambit Warrior |
| 20:02 | Create | Karambit Warrior |
| 20:39 | Create | Karambit Warrior |
| 20:39 | Create | Karambit Warrior |
| 20:39 | Create | Karambit Warrior |
| 20:39 | Create | Karambit Warrior |
| 20:39 | Create | Karambit Warrior |
| 21:08 | Create | Karambit Warrior |
| 21:09 | Create | Karambit Warrior |
| 21:43 | Create | Karambit Warrior |
| 21:43 | Create | Karambit Warrior |
| 21:43 | Create | Karambit Warrior |
| 22:05 | Build | Farm |
| 22:22 | Create | Karambit Warrior |
| 22:22 | Create | Karambit Warrior |
| 22:22 | Create | Karambit Warrior |
| 22:23 | Create | Karambit Warrior |
| 22:23 | Create | Karambit Warrior |
| 22:23 | Create | Karambit Warrior |
| 22:23 | Create | Karambit Warrior |
| 22:23 | Create | Karambit Warrior |
| 22:24 | Create | Karambit Warrior |
| 22:58 | Create | Villager (Male) |
| 22:58 | Create | Villager (Male) |
| 22:58 | Create | Villager (Male) |
| 22:58 | Create | Villager (Male) |
| 23:22 | Build | Lumber Camp |
| 24:32 | Create | Karambit Warrior |
| 24:32 | Create | Karambit Warrior |
| 24:32 | Create | Karambit Warrior |
| 24:32 | Create | Karambit Warrior |
| 24:33 | Create | Karambit Warrior |
| 24:33 | Create | Karambit Warrior |
| 24:33 | Create | Karambit Warrior |
| 24:33 | Create | Karambit Warrior |
| 24:33 | Create | Karambit Warrior |
| 24:34 | Create | Karambit Warrior |
| 24:34 | Create | Karambit Warrior |
| 24:34 | Create | Karambit Warrior |
| 24:34 | Create | Karambit Warrior |
| 25:14 | Build | Mining Camp |
| 25:31 | Create | Villager (Male) |
| 25:31 | Create | Villager (Male) |
| 25:32 | Create | Villager (Male) |
| 25:32 | Create | Villager (Male) |
| 25:32 | Create | Villager (Male) |
| 25:37 | Create | Villager (Male) |
| 25:38 | Create | Villager (Male) |
| 25:38 | Create | Villager (Male) |
| 25:38 | Create | Villager (Male) |
| 25:38 | Create | Villager (Male) |
| 25:39 | Create | Karambit Warrior |
| 25:39 | Create | Karambit Warrior |
| 26:42 | Create | Villager (Male) |
| 26:43 | Create | Villager (Male) |
| 26:43 | Create | Villager (Male) |
| 26:43 | Create | Villager (Male) |
| 26:57 | Build | Siege Workshop |
| 27:21 | Create | Villager (Male) |
| 27:22 | Create | Villager (Male) |
| 27:22 | Create | Villager (Male) |
| 27:22 | Create | Villager (Male) |
| 27:22 | Create | Villager (Male) |
| 28:05 | Create | Battering Ram |
| 28:18 | Build | Farm |
| 28:35 | Create | Villager (Male) |
| 28:35 | Create | Villager (Male) |
| 28:36 | Create | Villager (Male) |
| 28:36 | Create | Villager (Male) |
| 28:45 | Build | Town Center |
| 29:14 | Create | Battering Ram |
| 29:38 | Build | House |
| 29:38 | Build | House |
| 29:39 | Build | House |
| 29:50 | Build | Farm |
| 29:51 | Build | Farm |
| 29:53 | Build | Farm |
| 30:02 | Research | Heavy Plow |
| 30:31 | Build | House |
| 30:53 | Create | Villager (Male) |
Build order — 大哈巴犬
First 150 of 259 actions detected
| 0:03 | Create | Villager (Male) |
| 0:04 | Create | Villager (Male) |
| 0:04 | Create | Villager (Male) |
| 0:04 | Create | Villager (Male) |
| 0:04 | Create | Villager (Male) |
| 0:07 | Build | House |
| 0:09 | Build | House |
| 1:49 | Create | Villager (Male) |
| 1:49 | Create | Villager (Male) |
| 1:52 | Research | Loom |
| 2:05 | Create | Villager (Male) |
| 2:05 | Create | Villager (Male) |
| 2:09 | Research | Loom |
| 2:35 | Create | Villager (Male) |
| 2:35 | Create | Villager (Male) |
| 2:58 | Build | Lumber Camp |
| 3:17 | Build | House |
| 3:18 | Build | House |
| 3:22 | Create | Villager (Male) |
| 3:22 | Create | Villager (Male) |
| 3:49 | Create | Villager (Male) |
| 3:50 | Create | Villager (Male) |
| 4:28 | Create | Villager (Male) |
| 4:40 | Create | Villager (Male) |
| 4:58 | Create | Villager (Male) |
| 5:21 | Create | Villager (Male) |
| 5:59 | Create | Villager (Male) |
| 6:00 | Create | Villager (Male) |
| 6:39 | Build | Mill |
| 6:43 | Create | Villager (Male) |
| 7:32 | Create | Villager (Male) |
| 7:59 | Build | Mill |
| 8:02 | Create | Villager (Male) |
| 8:02 | Create | Villager (Male) |
| 8:41 | Create | Villager (Male) |
| 8:49 | Build | Mining Camp |
| 8:58 | Build | Farm |
| 9:07 | Build | House |
| 9:21 | Create | Villager (Male) |
| 9:30 | Research | Feudal Age |
| 10:15 | Build | Farm |
| 10:29 | Create | Villager (Male) |
| 10:30 | Create | Villager (Male) |
| 10:59 | Build | Barracks |
| 11:27 | Build | Palisade Wall |
| 11:40 | Age | Feudal Age |
| 12:01 | Build | Palisade Wall |
| 12:15 | Build | Stable |
| 12:20 | Create | Villager (Male) |
| 12:55 | Build | Palisade Wall |
| 13:43 | Build | Blacksmith |
| 13:49 | Build | Palisade Wall |
| 14:08 | Build | Palisade Wall |
| 14:27 | Build | Palisade Wall |
| 14:36 | Build | Palisade Gate |
| 14:44 | Research | Castle Age |
| 14:54 | Build | Mining Camp |
| 15:10 | Build | Farm |
| 15:11 | Build | Farm |
| 15:36 | Build | House |
| 15:38 | Build | House |
| 16:00 | Build | House |
| 16:01 | Build | House |
| 16:26 | Research | Double-Bit Axe |
| 17:14 | Build | Stable |
| 17:24 | Age | Castle Age |
| 17:32 | Create | Knight |
| 17:33 | Research | Husbandry |
| 17:35 | Create | Villager (Male) |
| 17:35 | Create | Villager (Male) |
| 17:41 | Build | Farm |
| 17:42 | Build | Farm |
| 17:43 | Build | Farm |
| 17:57 | Create | Villager (Male) |
| 18:32 | Create | Knight |
| 18:32 | Create | Knight |
| 18:34 | Create | Villager (Male) |
| 18:34 | Create | Villager (Male) |
| 18:56 | Create | Knight |
| 18:57 | Create | Scout Cavalry |
| 19:04 | Build | Farm |
| 19:12 | Build | House |
| 19:13 | Build | House |
| 20:51 | Build | Siege Workshop |
| 20:59 | Create | Knight |
| 20:59 | Create | Knight |
| 21:13 | Create | Villager (Male) |
| 21:13 | Create | Villager (Male) |
| 21:19 | Build | House |
| 21:21 | Build | House |
| 21:22 | Build | House |
| 21:23 | Build | House |
| 21:24 | Build | House |
| 21:38 | Create | Villager (Male) |
| 21:53 | Research | Scale Barding Armor |
| 22:14 | Build | Farm |
| 22:17 | Build | Farm |
| 22:21 | Create | Scorpion |
| 22:34 | Build | Stable |
| 22:49 | Create | Mangonel |
| 23:07 | Create | Villager (Male) |
| 23:08 | Create | Villager (Male) |
| 23:18 | Create | Scorpion |
| 23:44 | Build | Castle |
| 23:55 | Build | Lumber Camp |
| 24:26 | Build | Farm |
| 24:28 | Build | Farm |
| 24:40 | Create | Villager (Male) |
| 24:40 | Create | Villager (Male) |
| 24:44 | Create | Villager (Male) |
| 24:44 | Create | Villager (Male) |
| 24:54 | Build | House |
| 24:55 | Build | House |
| 25:42 | Create | Villager (Male) |
| 25:48 | Build | House |
| 26:08 | Create | Knight |
| 26:08 | Create | Knight |
| 26:42 | Create | Mangonel |
| 26:44 | Create | Knight |
| 26:48 | Build | Stable |
| 26:55 | Research | Chain Barding Armor |
| 27:55 | Create | Villager (Male) |
| 27:55 | Create | Villager (Male) |
| 28:17 | Create | Scorpion |
| 28:20 | Create | Villager (Male) |
| 28:35 | Create | Villager (Male) |
| 29:01 | Build | Town Center |
| 29:14 | Create | Villager (Male) |
| 29:33 | Create | Villager (Male) |
| 29:47 | Create | Villager (Male) |
| 29:47 | Create | Villager (Male) |
| 30:03 | Create | Villager (Male) |
| 30:03 | Create | Villager (Male) |
| 30:10 | Build | House |
| 30:11 | Build | House |
| 30:17 | Create | Villager (Male) |
| 30:23 | Research | Gold Mining |
| 30:25 | Create | Villager (Male) |
| 31:06 | Create | Villager (Male) |
| 31:14 | Build | Farm |
| 31:17 | Build | Farm |
| 31:18 | Create | Villager (Male) |
| 31:20 | Research | Wheelbarrow |
| 31:52 | Create | Knight |
| 31:53 | Create | Knight |
| 31:53 | Create | Knight |
| 32:03 | Build | House |
| 32:06 | Build | Farm |
| 32:07 | Build | Farm |
| 32:10 | Build | Farm |
Match timeline
| 3:38 | 123 · wall_segment Palisade Wall x1 |
| 8:27 | 123 · wall_segment Palisade Wall x1 |
| 8:28 | 123 · wall_segment Palisade Wall x1 |
| 8:29 | 123 · wall_segment Palisade Wall x1 |
| 8:32 | 123 · wall_segment Palisade Wall x1 |
| 8:33 | 123 · wall_segment Palisade Wall x1 |
| 8:58 | 123 · wall_segment Palisade Wall x7 |
| 9:42 | tougle · wall_segment Palisade Wall x5 |
| 10:13 | vincent194 · first_building Barracks |
| 10:46 | 123 · age_up feudal |
| 10:59 | 大哈巴犬 · first_building Barracks |
| 11:04 | vincent194 · age_up feudal |
| 11:27 | 大哈巴犬 · wall_segment Palisade Wall x10 |
| 11:29 | tougle · wall_segment Palisade Wall x4 |
| 11:40 | 大哈巴犬 · age_up feudal |
| 12:01 | 大哈巴犬 · wall_segment Palisade Wall x9 |
| 12:04 | tougle · age_up feudal |
| 12:15 | 大哈巴犬 · first_building Stable |
| 12:54 | tougle · wall_segment Palisade Wall x3 |
| 12:55 | 大哈巴犬 · wall_segment Palisade Wall x22 |
| 13:21 | vincent194 · first_building Archery Range |
| 13:49 | 大哈巴犬 · wall_segment Palisade Wall x2 |
| 14:08 | 大哈巴犬 · wall_segment Palisade Wall x1 |
| 14:27 | 大哈巴犬 · wall_segment Palisade Wall x8 |
| 15:33 | vincent194 · wall_segment Palisade Wall x2 |
| 15:40 | 123 · age_up castle |
| 15:44 | 123 · first_building Siege Workshop |
| 16:47 | vincent194 · wall_segment Palisade Wall x9 |
| 17:19 | tougle · age_up castle |
| 17:24 | 大哈巴犬 · age_up castle |
| 17:29 | tougle · first_building Castle |
| 17:41 | tougle · wall_segment Palisade Wall x3 |
| 17:49 | tougle · wall_segment Palisade Wall x2 |
| 18:32 | vincent194 · first_building Stable |
| 19:05 | vincent194 · first_market_buy 100 food |
| 20:26 | vincent194 · wall_segment Stone Wall x1 |
| 20:32 | vincent194 · wall_segment Stone Wall x21 |
| 20:51 | 大哈巴犬 · first_building Siege Workshop |
| 22:18 | vincent194 · age_up castle |
| 23:44 | 大哈巴犬 · first_building Castle |
| 25:13 | 123 · first_market_sell 100 food |
| 25:13 | 123 · first_market_buy 100 stone |
| 25:16 | vincent194 · wall_segment Stone Wall x3 |
| 25:35 | tougle · first_market_buy 100 food |
| 26:57 | tougle · first_building Siege Workshop |
| 27:18 | tougle · first_market_sell 100 wood |
| 35:25 | 大哈巴犬 · wall_segment Palisade Wall x5 |
| 36:20 | vincent194 · first_building Castle |
| 39:07 | vincent194 · wall_segment Stone Wall x6 |
| 39:42 | vincent194 · first_building Siege Workshop |
| 43:04 | 123 · first_building Castle |
| 45:33 | tougle · first_building Barracks |
| 48:09 | 123 · age_up imperial |
| 48:19 | vincent194 · resign |
[ AI ANALYSIS · 1 CREDIT ]
What really happened in this match?
Wolo.gg analyzes every decision: build order, eco, micro, common mistakes by bracket. Personalized analysis on WhatsApp or Discord in 30 seconds.
Civ guide
Shu
Map guide
Arabia
Perfil
Jugador #25364708